 Dungeon Crawl Stone Soup version 0.26-a0-639-g72c4674329 (webtiles) character file.

Game seed: 13566283578997322289

53 Masnef the Ruffian (level 3, -2/28 HPs)
             Began as a Draconian Transmuter on Sept 20, 2020.
             Was an Initiate of Okawaru.
             Slain by a hornet zombie (5 damage)
             ... on level 2 of the Dungeon.
             The game lasted 00:02:03 (1163 turns).

Masnef the Ruffian (Draconian Transmuter)           Turns: 1163, Time: 00:02:03

Health: -2/28      AC:  5    Str: 12    XL:     3   Next: 62%
Magic:  5/6        EV: 12    Int: 14    God:    Okawaru [......]
Gold:   24         SH:  5    Dex: 11    Spells: 5/6 levels left

rFire    . . .     SeeInvis .     - Unarmed
rCold    . . .     Faith    .   (no shield)
rNeg     . . .     Spirit   .   (armour unavailable)
rPois    .         Reflect  +   (helmet currently unavailable)
rElec    .         Harm     .   (no cloak)
rCorr    .         Rampage  .   (no gloves)
MR       .....                  (boots currently unavailable)
Stlth    +.........             d - amulet of reflection
HPRegen  0.09/turn              (no ring)
MPRegen  0.10/turn              (no ring)

@: appendages (expiring), hasted, very quick
A: unfitting armour, horns 2, talons 2, cold-blooded, AC +5
a: End Transformation, Renounce Religion


You were on level 2 of the Dungeon.
You worshipped Okawaru.
Okawaru was noncommittal.
You had grown temporary horns.
You had grown temporary talons.
You visited 1 branch of the dungeon, and saw 2 of its levels.

You collected 24 gold pieces.

Inventory:

Hand Weapons
 e - a cursed -1 hunting sling
Jewellery
 d - an amulet of reflection (around neck)
Scrolls
 c - a scroll of remove curse {unknown}
 f - 2 scrolls of immolation {unknown}
 g - a scroll of fear {unknown}
Potions
 a - a potion of haste
 b - a potion of degeneration {unknown}


   Skills:
 - Level 1.1 Fighting
 - Level 1.7 Dodging
 + Level 4.7 Unarmed Combat
 - Level 2.0 Spellcasting
 - Level 2.0 Transmutations


You had 5 spell levels left.
You knew the following spells:

 Your Spells              Type           Power        Failure   Level
a - Beastly Appendage     Tmut           #.....       11%         1

Your spell library contained the following spells:

 Spells                   Type           Power        Failure   Level
 Wereblood                Tmut           #.......     16%         2
 Spider Form              Tmut/Pois      #.........   43%         3
 Ice Form                 Ice/Tmut       #.......     83%         4
 Blade Hands              Tmut           #.........   96%         5


Dungeon Overview and Level Annotations

Branches:
Dungeon (2/15)

Altars:
Okawaru


Innate Abilities, Weirdness & Mutations

Your plain brown scales are hard. (AC +5)
You cannot fit into any form of body armour.
You are cold-blooded and may be slowed by cold attacks.
You have a pair of horns on your head.
You have razor-sharp toenails.


Message History

You are too injured to fight recklessly!
You are too injured to fight recklessly!
You are too injured to fight recklessly!
You are too injured to fight recklessly!
You are too injured to fight recklessly!
You are too injured to fight recklessly!
You are too injured to fight recklessly!
You are too injured to fight recklessly!
There is an iron altar of Okawaru here.
You block the hornet zombie's attack.
An adder comes into view.
You feel sick.
You are no longer poisoned.
You see here 13 arrows.
Found 12 arrows.
It was a potion of haste.
You feel yourself speed up. The hornet zombie hits you!
* * * LOW HITPOINT WARNING * * *
The hornet zombie hits you.
You die...

#....(....
......... .........
......... #........
#........ #........
#@S......
##Z+############
#..............# #
#.#.#..........#
#.#.._...........#
#...#.#..........#
##...............#
#..#......†.....#
##.#.##....†.###...


You could see an adder and a hornet zombie.

Vanquished Creatures
  An adder (D:2)
  An ooze (D:2)
  2 dart slugs (D:1)
  3 leopard geckos
  2 giant cockroaches (D:1)
  5 goblins (D:1)
  4 hobgoblins (D:1)
  5 bats
  4 frilled lizards
  3 kobolds (D:1)
  4 rats (D:1)
34 creatures vanquished.

Notes
Turn   | Place    | Note
-------+----------+-------------------------------------------
     0 | D:1      | Masnef the Draconian Transmuter began the quest for the
                  | Orb.
     0 | D:1      | Reached XP level 1. HP: 16/16 MP: 3/3
   104 | D:1      | Reached XP level 2. HP: 14/23 MP: 5/5
   404 | D:1      | Reached skill level 4 in Unarmed Combat
   723 | D:1      | Reached XP level 3. HP: 22/28 MP: 6/6
  1124 | D:2      | Found an iron altar of Okawaru.
  1152 | D:2      | Became a worshipper of Warmaster Okawaru
  1163 | D:2      | Slain by a hornet zombie

Illustrated notes

Levels and vault maps discovered:
D:1:      minmay_arrival_three_doors, layout_loops_ring
D:2:      layout_basic, okawaru_metal_pillars_1_2, hangedman_feature_mirror,
          nicolae_dithmenos_through_a_glass_darkly

Skill      XL: |  1  2 |
---------------+-------+-----
Unarmed Combat | 4 |  4.7
Fighting       | |  1.1
Dodging        | |  1.7
Spellcasting   | |  2.0
Transmutations | |  2.0

Action                   || total
-------------------------++-------
Melee: Unarmed           ||   125
       Tailslap          ||    10
       Kick              ||     1
       Headbutt          ||     1
       Punch             ||     1
 Cast: Beastly Appendage ||     1
  Use: Potion            ||     1
Armor: Skin              ||    41
Dodge: Dodged            ||    78
Block: Other             ||    21

Table legend: (Time is in decaauts)
 A = Elapsed time spent in this place.
 B = Non-inter-level travel time spent in this place.
 C = Inter-level travel time spent in this place.
 D = Time resting spent in this place.
 E = Time spent auto-exploring this place.
 F = Levels seen in this place.
 G = Mean time per level.
                   A        B        C        D        E       F      G
               +--------+--------+--------+--------+--------+-----+--------+
         Total |   1153 |   1102 |     51 |      0 |    863 |   2 |  576.5 |
       Dungeon |   1153 |   1102 |     51 |      0 |    863 |   2 |  576.5 |
               +--------+--------+--------+--------+--------+-----+--------+

Top non-repeatable levels by time:
     D:1: 1105 daAuts
     D:2: 47 daAuts
